Cogmind - Beta 16 @@@ ROGUE MODE // 2025.12.01 @ 18:18:39 Player: Gatamar Result: Destroyed by G-47 Trooper with Particle Gun Performance ------------- Evolutions (0) 0 Regions Visited (1) 200 Robots Destroyed (8) 40 Value Destroyed (211) 211 Prototype IDs (0) 0 Alien Tech Used (0) 0 Bonus (0) 0 TOTAL SCORE: 451 Bonus ------- None Cogmind --------- Core Integrity 0/250 Matter 273/300 Energy 100/100 System Corruption 9% Temperature Cool (15) Movement Core (700) Ox13 Location -10/Materials Parts ------- > --- POWER (1) -------- (None) > --- PROPULSION (2) --- (None) > --- UTILITY (2) ------ High-capacity Storage Unit Propulsion Shielding > --- WEAPON (2) ------- (None) > --- INVENTORY (20) --- Light Ion Engine Light Treads Light Treads Small Storage Unit Peak State ------------ > --- POWER ------------ Light Ion Engine > --- PROPULSION ------- Aluminum Leg Aluminum Leg > --- UTILITY ---------- Small Storage Unit > --- WEAPON ----------- Medium Laser Assault Rifle > --- INVENTORY -------- Light Treads Light Treads EM Pulse Gun [Rating: 6] Favorites ----------- Power Light Ion Engine Engine Light Ion Engine Propulsion Aluminum Leg Leg Aluminum Leg Utility Small Storage Unit Storage Small Storage Unit Protection Propulsion Shielding Weapon Assault Rifle Energy Gun Medium Laser Ballistic Gun Assault Rifle Build | -11 -10 ------- Run | Yrd Mat Slots Evolved . | . . Power . | . . Propulsion . | . . Utility . | . . Weapon . | . . Parts Attached 11 | 6 5 Power 1 | 1 . Engine 1 | 1 . Core . | . . Reactor . | . . Propulsion 2 | 2 . Treads . | . . Leg 2 | 2 . Wheel . | . . Hover . | . . Flight . | . . Utility 3 | 1 2 Device . | . . Storage 2 | 1 1 Processor . | . . Hackware . | . . Protection 1 | . 1 Artifact . | . . Weapon 5 | 2 3 Energy Gun 3 | 1 2 Energy Cannon . | . . Ballistic Gun 2 | 1 1 Ballistic Cannon . | . . Launcher . | . . Special Weapon . | . . Impact Weapon . | . . Slashing Weapon . | . . Piercing Weapon . | . . Special Melee Weapon . | . . Unidentified Prototypes . | . . Corrupted Parts 1 | . 1 System Corruption 8 | . 8 Parts Lost 8 | . 8 Power 1 | . 1 Propulsion 2 | . 2 Utility . | . . Weapon 5 | . 5 Highest Loss Streak 4 | . 4 To Critical Strikes . | . . Average Backups 3 | 2 3 Power . | . 1 Propulsion 1 | 1 2 Utility . | . . Weapon . | . . Tool/Special . | . . Unused Backups 3 | . 3 Power 1 | . 1 Propulsion 2 | . 2 Utility . | . . Weapon . | . . Tool/Special . | . . Average Slot Usage (%) 73 | . 73 Engine 7 | . 7 Leg 23 | . 23 Storage 14 | . 14 Protection 3 | . 3 Energy Gun 15 | . 15 Ballistic Gun 7 | . 7 Peak Build Rating 6 | 6 6 Average Rating 4 | 3 5 On Entrance 3 | . 6 Avg Prop Armor Cover (%) . | . . Naked Turns . | . . Heaviest Build 44 | 12 44 Greatest Support 20 | 20 20 Greatest Overweight (x) 13 | . 13 Average Overweight (x) . | . . Largest Inventory Capacity 20 | 8 20 Average Capacity 10 | 7 10 Most Carried 5 | 5 4 Average Carried 3 | 2 3 Final Capacity 20 | 8 20 Final Carried 4 | 4 4 Class Distribution -------------------- 100% | Mutant Dominant Class ---------------- Mutant | -10/Materials Resources | -11 -10 ----------- Run | Yrd Mat Matter Collected 308 | 139 169 Remotely . | . . Salvage Created 265 | . 265 Parts 11 | . 11 Haulers Intercepted . | . . Recyclers Shooed . | . . Parts Field Recycled . | . . Retrieved Matter . | . . Parts Self-Destructed . | . . Prevented . | . . Parts Restored . | . . Kills | -11 -10 ------- Run | Yrd Mat Combat Hostiles Destroyed 6 | . 6 Guns 4 | . 4 AOE 2 | . 2 Classes Destroyed 4 | . 4 Recycler 1 | . 1 Watcher 1 | . 1 Swarmer 2 | . 2 Grunt 4 | . 4 Best Kill Streak 6 | . 6 Combat Bots Only 4 | . 4 Max Kills in Single Turn 4 | . 4 Gunslinging . | . . Exploded 2 | . 2 Melee . | . . Uniques/NPCs Destroyed . | . . Combat | -11 -10 -------- Run | Yrd Mat Hostile Shots Fired 83 | . 83 Missed 14 | . 14 Hits 69 | . 69 Projectile 69 | . 69 Damage Taken 891 | . 891 Core 255 | . 255 Absorbed by Shields . | . . Redirected to Shielding 19 | . 19 Core Remaining (%) 100 | 100 . Volleys Fired 45 | . 45 Largest 2 | . 2 Hottest 80 | . 80 Shots Fired 59 | . 59 Gun 59 | . 59 Cannon . | . . Launcher . | . . Special . | . . Kinetic 13 | . 13 Thermal 30 | . 30 Explosive . | . . Electromagnetic 16 | . 16 Robot Hit Streak 11 | . 11 Robot Miss Streak 3 | . 3 Penetration Max . | . . Secondary Targets . | . . Shots Hit Robots 35 | . 35 Core Hits 12 | . 12 Critical Kills . | . . Critical Parts Destroyed . | . . Critical Strikes 2 | . 2 Corrupt 2 | . 2 Melee Attacks . | . . Impact . | . . Slashing . | . . Piercing . | . . Sneak Attacks . | . . Combat Hostiles . | . . Follow-up Attacks . | . . Damage Inflicted 877 | . 877 Guns 388 | . 388 Cannons . | . . Explosions 489 | . 489 Melee . | . . Ramming . | . . Kinetic 57 | . 57 Thermal 676 | . 676 Explosive . | . . Electromagnetic 144 | . 144 Impact . | . . Slashing . | . . Piercing . | . . Highest Corruption 9 | . 9 Average Corruption 4 | . 4 Corruption Purged . | . . Corruption Blocked . | . . Effects 6 | . 6 Message Errors 1 | . 1 Matter Fused 3 | . 3 Heat Flow Errors 1 | . 1 Weapon Failures 1 | . 1 Overload Shots . | . . Overflow Damage 209 | . 209 Projectiles . | . . Explosions 209 | . 209 Melee . | . . Knockbacks . | . . Impact . | . . Kinetic . | . . Secondary . | . . Self-Inflicted Damage 105 | . 105 Shots 1 | . 1 Rammed . | . . Targets Rammed . | . . Kicked . | . . Crushed . | . . Highest Temperature 175 | . 175 Average Temperature 71 | . 71 Received Heat Transfer 396 | . 396 Siege Activations . | . . Martial Activations . | . . Shielding Activations . | . . Robots Disrupted . | . . Combat Hostiles . | . . Robots Corrupted . | . . Combat Hostiles . | . . Parts Fried 1 | . 1 Impact Corruptions . | . . Robots Melted . | . . Combat Hostiles . | . . Parts Melted 1 | . 1 Heat Transferred 834 | . 834 Parts Sabotaged . | . . Parts Stolen . | . . Parts Stripped . | . . Power Chain Reactions 1 | . 1 Alert | -11 -10 ------- Run | Yrd Mat Maximum Alert Level . | . . Low Security (%) 100 | 100 100 Level 1 . | . . Level 2 . | . . Level 3 . | . . Level 4 . | . . Level 5 . | . . High Security . | . . Max Security . | . . Peak Influence 126 | . 126 Initial . | . . Average 43 | . 55 Influence Increases 229 | . 229 Destroy 0b10 Robot/C 120 | . 120 Destroy 0b10 Robot/NC 10 | . 10 Destroy Leader 42 | . 42 Successful Hack 3 | . 3 Disable Machine 30 | . 30 Destroy Structure 24 | . 24 Influence Decreases 163 | . 163 Time Decay 83 | . 83 Lost Part 80 | . 80 Squads Dispatched 2 | . 2 Investigation 1 | . 1 Extermination . | . . Reinforcement 1 | . 1 Assault . | . . Garrison . | . . Intercept . | . . Searches Triggered . | . . Construction Impeded . | . . Haulers Reinforced . | . . Active Scanning Responses . | . . Cargo Convoy Interrupts . | . . Stealth | -11 -10 --------- Run | Yrd Mat Distress Signals 1 | . 1 Communications Jammed . | . . Distress Signals . | . . Times Spotted 12 | . 12 Peak Tracking Total 5 | . 5 Tactical Retreats . | . . Traps | -11 -10 ------- Run | Yrd Mat Traps Triggered . | . . Indirectly . | . . Trap Hack Attempts . | . . Triggered . | . . Disarmed . | . . Reprogrammed . | . . Reused . | . . Traps Extracted . | . . Installed . | . . Triggered . | . . Machines | -11 -10 ---------- Run | Yrd Mat Machines Disabled 2 | . 2 Max in Single Turn 2 | . 2 Machines Repaired . | . . Machines Dismantled . | . . Machines Sabotaged . | . . Overloaded Fab Kills . | . . Hacking | -11 -10 --------- Run | Yrd Mat Machines Accessed 1 | . 1 Terminals 1 | . 1 Fabricators . | . . Repair Stations . | . . Recycling Units . | . . Scanalyzers . | . . Garrison Access . | . . Total Hacks 3 | . 3 Successful 2 | . 2 Failed 1 | . 1 Catastrophic . | . . Database Lockouts . | . . Manual . | . . Terminals 3 | . 3 Fabricators . | . . Repair Stations . | . . Recycling Units . | . . Scanalyzers . | . . Garrison Access . | . . Terminal Hacks 2 | . 2 Alert Level 1 | . 1 Maintenance Status 1 | . 1 Fabricator Hacks . | . . Repair Station Hacks . | . . Recycling Unit Hacks . | . . Scanalyzer . | . . Garrison Access Hacks . | . . Unauthorized Hacks . | . . Terminals . | . . Fabricators . | . . Repair Stations . | . . Recycling Units . | . . Scanalyzers . | . . Garrison Access . | . . Data Cores Recovered . | . . Used . | . . Hacking Detections 1 | . 1 Full Trace Events 1 | . 1 Feedback Events 1 | . 1 Corruption 1 | . 1 Feedback Blocked . | . . Robot Schematics Acquired . | . . Robots Built . | . . Authchips . | . . Time . | . . Total Robot Build Rating . | . . Part Schematics Acquired . | . . Parts Built . | . . Authchips . | . . Time . | . . Total Part Build Rating . | . . Part Studies Acquired . | . . Parts Repaired . | . . Time . | . . Parts Recycled . | . . Recycled Matter . | . . Retrieved Matter . | . . Retrieved Components . | . . Parts Scanalyzed . | . . Part Schematics Acquired . | . . Parts Damaged . | . . Bothacking | -11 -10 ------------ Run | Yrd Mat Used RIF Installer . | . . Robots Hacked . | . . Non-combat . | . . Combat . | . . Robot Hacks Applied . | . . Relay Couplers Released . | . . Fabnet Peak Effective % . | . . Robots Rewired . | . . Allies Hacked . | . . Hacks Repelled . | . . Allies | -11 -10 -------- Run | Yrd Mat Total Allies . | . . Largest Group . | . . Highest-Rated Group . | . . Highest-Rated Ally . | . . Total Orders . | . . Ally Attacks . | . . Total Damage . | . . Kills . | . . Allies Corrupted . | . . Allies Melted . | . . Intel | -11 -10 ------- Run | Yrd Mat Active Infowar (turns) . | . . Robot Analysis Total . | . . Derelict Logs Recovered . | . . Drone Launches . | . . Drone Recoveries . | . . Exploration | -11 -10 ------------- Run | Yrd Mat Turns Passed 285 | 61 224 Spaces Moved 128 | 44 84 Core 9 | 7 2 Treads . | . . Legs 119 | 37 82 Wheels . | . . Hover . | . . Flight . | . . Fastest Speed 50 | 50 120 Average Speed 126 | 108 135 Slowest Speed 700 | 120 700 Overloaded Moves . | . . Propulsion Burnouts . | . . Robots Hopped . | . . Potential Cave-ins . | . . Cave-ins Triggered . | . . Exploration Rate (%) 11 | 4 19 Regions Visited 1 Branch Regions . Pre-discovered Areas . | . . Known Exits Taken . | . . Unknown Exits Taken 1 | 1 . Scrap Searched . | . . Spaces Dug . | . . Terrain Destroyed 25 | . 25 Melee . | . . Projectile . | . . AOE 25 | . 25 Terrain Rammed . | . . Walls Destroyed . | . . Machines Disabled . | . . Actions | -11 -10 --------- Run | Yrd Mat Total 189 | 55 134 Wait . | . . Move 127 | 43 84 Hop . | . . Pick Up 6 | 6 . Fast Attach 7 | 4 3 Attach 3 | 2 1 Detach . | . . Swap 1 | . 1 Drop . | . . Fire 45 | . 45 Melee . | . . Ram . | . . Kick . | . . Crush . | . . Escape Stasis . | . . Rewire . | . . Trap . | . . Miscellaneous . | . . Route ------- -11/Scrapyard -10/Materials History --------- Turn | Location | Event 3 | -11/Scrapyard | Discovered new exit (range 15) 62 | -11/Scrapyard | Entered Materials 216 | -10/Materials | Lost 4 parts (1p3w) 262 | -10/Materials | Core integrity fell below 50% 282 | -10/Materials | Lost 3 parts (2n1w) 283 | -10/Materials | Core integrity fell below 20% 286 | -10/Materials | Destroyed by G-47 Trooper with Particle Gun Last Messages --------------- 00198_ U-05 Engineer lays Concrete. 00199_ Acquired 12 matter. 00200_ U-05 Engineer lays Concrete. 00203_ Acquired Corrupted Sml. Laser. 00203_ Integrated Corrupted Sml. Laser (+8). 00203_ U-05 Engineer builds a Wall. 00204_ System corrupted: Matter fused (-7). 00204_ U-05 Engineer lays Concrete. 00211_ U-05 Engineer builds a Wall. 00211_ U-05 Engineer lays Concrete. 00219_ System corrupted: Matter fused (-10). 00227_ Acquired Propulsion Shielding. 00237_ System corrupted: Heat flow error (+128). 00239_ EM Pulse Gun destroyed. 00249_ Aluminum Leg destroyed. 00250_ G-47 Trooper destroyed. 00251_ Aluminum Leg destroyed. 00264_ System corrupted: Sml. Laser failed to cycle. 00284_ Sml. Laser destroyed. Map ----- +----------------------------------------------------+ | | | | | | | | | | | | | | | | | ?????????????????????????????????????????????????? | | ?????????????????????????????????????????????????? | | ?????????????????????????????????????????????????? | | ?????????????????????????????????????????????????? | | ?????????????????????????????????????????????????? | | ?????????????????????????????????????????????????? | | ?????????????????????????????????????????????????? | | ?????????????????????????????????????????????????? | | ?????????????????????????????????????????????????? | | ????????????????????#######??????????????????????? | | ????????????????????# !!! #??????????????????????? | | ????????????????????# !! #??????????????????????? | | ????????????????????# ! #??????????????????????? | | ?????????????+??????# #??????????????????????? | | ?##??????????? ###### #??????????????????????? | | ? ??????????? #ggg #??????????????????????? | | ?? ???????????? # =#??????????????????????? | | ?##+######???????# # """@#??????????????????????? | | ?# ######### # """%#??????????????????????? | | ?# " + + """!+??????????????????????? | | ?+ %" # # # ?????????????????????? | | ?# # ####### ?????????????????????? | | ## %= ## #??????? ????????????????????? | | #" % " = ## #???????*!???????????????????? | | #" # ## #????????!???????????????????? | | #" # ## #????????##??????????????????? | | #" = =# ## #????????????????????????????? | | #"% =% # ## #????????????????????????????? | | ## !! # #? #????????????????????????????? | | ?##+#""""# #?#?????????????????????????????? | | ###%## #########???????????????????????????????? | | ## ######???????????????????????????????????????? | | ## ##???????????????????????????????????????????? | | # ############????????????????????????????????? | | # ^ #?????????????????????????????? | | # ######### ?????????????????????????? | | + #???????????????????????????????????????????? | | # #???????????????????????????????????????????? | | # #???????????????????????????????????????????? | | ## #???????????????????????????????????????????? | | #???????????????????????????????????????????? | | #???????????????????????????????????????????? | +----------------------------------------------------+ Best States ------------- Heat Dissipation 25 Energy Generation 10 Energy Capacity 125 Matter Stores 300 Matter Capacity 300 Sight Range 16 Terrain Scan Density 10 Propulsion Shielding 33 Evasion (%) 55 Item Schematics ----------------- None Robot Schematics ------------------ None Fabricated ------------ Nothing Repaired ---------- Nothing Studied --------- None Alien Tech Used ----------------- None Achievements -------------- None Challenges ------------ None Game ------ Seed JammingBattleLeg Manual? 0 Play Time 00:03:42 Cumulative 14.8 hours Start 2025.12.01 @ 18:04:12 End 2025.12.01 @ 18:18:39 Sessions 1 Manual Loads 0 Difficulty Rogue Special Mode None Game No. 42 Rogue 42 Adventurer 0 Explorer 0 Win Type - Total 0 Types 0/0/0/0/0/0/0/0/0/0 Lore% 17 Gallery% 19 Achievement% 14 Wizard Run 0 Options --------- Layout 1 ASCII 0 Keyboard 0 Movement Mouse Keybinds 0 Fullscreen 1 Font 32/SmallcapsGlow Map View 50x35 Zoom Use 0% Tactical HUD 1 Map Filters NONE Filters NONE Steam 1 RUN: 87d0f793-ad3d-4e38-86d0-ecd9d16b2771